 Dungeon Crawl Stone Soup version 0.27.1-4-g1640c2035a (webtiles) character file.

Game seed: 16477491456865319102

1013 pkoi the Blocker (level 8, -3/60 (64) HPs)
             Began as a Minotaur Fighter on Nov 9, 2021.
             Slain by a wight (7 damage)
             ... on level 3 of the Dungeon.
             The game lasted 00:05:20 (5037 turns).

pkoi the Blocker (Minotaur Fighter)                 Turns: 5037, Time: 00:05:21

HP:   -3/60 (64)    AC:  8    Str: 23    XL:     8   Next: 1%
MP:   7/7           EV:  8    Int:  5    God:
Gold: 210           SH: 11    Dex: 10    Spells: 7/7 levels left

rFire    . . .     SeeInvis .   a - +0 long sword
rCold    . . .     Faith    .   c - +0 kite shield
rNeg     . . .     Spirit   .   b - +0 scale mail
rPois    .         Reflect  .   (helmet restricted)
rElec    .         Harm     .   (no cloak)
rCorr    .         Rampage  .   s - +0 pair of gloves
Will     .....                  (no boots)
Stlth    ..........             (no amulet)
HPRegen  0.20/turn              (no ring)
MPRegen  0.10/turn              (no ring)

@: drained
A: horns 2, retaliatory headbutt
a: no special abilities


You were on level 3 of the Dungeon.
You visited 1 branch of the dungeon, and saw 5 of its levels.
You also visited: Ossuary.

You collected 222 gold pieces.
You spent 12 gold pieces at shops.

Inventory:

Hand Weapons
 a - a +0 long sword (weapon)
Missiles
 i - 6 javelins (quivered)
Armour
 b - a +0 scale mail (worn)
 c - a +0 kite shield (worn)
 s - a +0 pair of gloves (worn)
Wands
 g - a wand of acid (9)
 v - a wand of paralysis (10)
Scrolls
 f - 5 scrolls of identify
 h - a scroll of vulnerability
 q - a scroll of magic mapping {unknown}
 r - a scroll of immolation {unknown}
Potions
 d - 3 potions of might
 e - a potion of ambrosia {unknown}
 j - 2 potions of curing {unknown}
 k - a potion of brilliance {unknown}
 l - 3 potions of flight
 m - 2 potions of attraction {unknown}
 n - 4 potions of lignification {unknown}
 o - 2 potions of resistance {unknown}
 p - 2 potions of haste {unknown}
 u - a potion of berserk rage {unknown}


   Skills:
 - Level 3.6 Fighting
 + Level 8.2 Long Blades
 - Level 3.6 Armour
 + Level 8.7 Shields


You had 7 spell levels left.
You didn't know any spells.
Your spell library contained the following spells:

 Spells                   Type           Power      Damage    Failure   Level
 Corona                   Hex            0%         N/A       96%         1
 Magic Dart               Conj           0%         1d3       96%         1
 Summon Small Mammal      Summ           0%         N/A       96%         1
 Ensorcelled Hibernation  Hex/Ice        0%         N/A       99%         2
 Searing Ray              Conj           0%         3d3       99%         2
 Call Canine Familiar     Summ           0%         N/A       100%        3
 Summon Guardian Golem    Hex/Summ       0%         N/A       100%        3
 Tukima's Dance           Hex            0%         N/A       100%        3
 Fulminant Prism          Conj/Hex       0%         3d6       100%        4


Dungeon Overview and Level Annotations

Branches:
Dungeon (5/15)            Ossuary (visited)
 Temple: D:4-7

Altars:
Cheibriados
Sif Muna

Shops:
D:1 *   D:3 !


Innate Abilities, Weirdness & Mutations

You have a pair of horns on your head.
You reflexively headbutt those who attack you in melee.


Message History

You headbutt the scorpion, but do no damage.
You riposte.
You slash the scorpion!
You kill the scorpion!
You have reached level 8!
You feel agile.
Unknown command.
(D) Dungeon
Where to? (Enter - D:5, ? - help)
A wight comes into view. It is wielding a +3 battleaxe.
The wight moves out of view.
There is a stone staircase leading up here.
The wight hits you with a +3 battleaxe!
* * * LOW HITPOINT WARNING * * *
You feel drained.
* * * LOW HITPOINT WARNING * * *
You climb upwards.
There is a stone staircase leading down here.
Okay, then.
Unknown command.
As you read the scroll of teleportation, it crumbles to dust.
You feel strangely unstable. You block the wight's attack.
Your surroundings suddenly seem different.
You see here a +0 club.
There is an escape hatch in the ceiling here.
A mysterious force pulls you upwards. The hatch slams shut behind you.
You closely miss the wight. You block the wight's attack.
You hit the wight.
The wight is lightly damaged.
You block the wight's attack.
You barely miss the wight. Your headbutt misses the wight.
The wight is lightly damaged.
The wight closely misses you.
You riposte.
You hit the wight.
The wight is moderately damaged.
You block the wight's attack.
You hit the wight. You headbutt the wight.
The wight is severely damaged.
The wight hits you with a +3 battleaxe!
* * * LOW HITPOINT WARNING * * *
You feel drained.
You die...

#.....## #.###.##
.......###.##.##
........##.#...##
........'.......##
........#........#
.......##..##.##.#
#.....###..#####.#
##...## #.....##z#
##'## #.###.##@#
#.# #.# #.##.# #.#
#.###.##.#
##.#####........#
##.........##.####
#.............#
##....####.#..#
###.#.####.#..#
..............#


You could see a wight.

Vanquished Creatures
  An ogre (D:4)
  A necrophage (D:5)
  A phantom (D:5)
  A scorpion (D:5)
  4 water moccasin zombies
  2 wights (D:5)
  An orc priest (D:4)
  A jelly (D:4)
  2 iguanas (D:4)
  2 orc wizards (D:4)
  A hound skeleton (D:5)
  2 mummies (Ossuary)
  8 adders
  A howler monkey skeleton (D:4)
  An ufetubus (D:5)
  7 adder zombies (Ossuary)
  2 worms
  A dart slug (D:1)
  14 orcs
  A bat (D:1)
  4 endoplasms
  3 gnoll zombies (Ossuary)
  7 goblins
  5 hobgoblins
  6 jackals
  7 kobolds
  2 quokkas
  A jackal skeleton (D:4)
  2 kobold zombies (Ossuary)
  5 orc zombies (Ossuary)
  5 rats
101 creatures vanquished.

Vanquished Creatures (others)
  17 plants
17 creatures vanquished.

Grand Total: 118 creatures vanquished

Notes
Turn   | Place    | Note
-------+----------+-------------------------------------------
     0 | D:1      | pkoi the Minotaur Fighter began the quest for the Orb.
     0 | D:1      | Reached XP level 1. HP: 19/19 MP: 0/0
    95 | D:1      | You fall into a shaft and drop 1 floor!
   242 | D:2      | Reached XP level 2. HP: 23/26 MP: 1/1
   770 | D:1      | Reached XP level 3. HP: 31/31 MP: 2/2
   996 | D:1      | Found Givetite's General Store.
   999 | D:1      | Bought a potion of degeneration for 12 gold pieces
  1239 | D:2      | You fall into a shaft and drop 1 floor!
  1853 | D:3      | Reached skill level 5 in Shields
  1853 | D:3      | Reached XP level 4. HP: 35/39 MP: 3/3
  1918 | D:3      | Found Babaeg's Distillery.
  2740 | D:4      | Found a sand-covered staircase.
  2745 | Ossuary  | Entered an ossuary
  2865 | Ossuary  | Reached skill level 5 in Long Blades
  2865 | Ossuary  | Reached XP level 5. HP: 26/45 MP: 4/4
  3035 | Ossuary  | Reached XP level 6. HP: 48/51 MP: 5/5
  3646 | D:4      | Reached XP level 7. HP: 57/57 MP: 6/6
  4195 | D:4      | Found a snail-covered altar of Cheibriados.
  4195 | D:4      | Found a shimmering blue altar of Sif Muna.
  4717 | D:5      | Entered Level 5 of the Dungeon
  4939 | D:5      | Reached XP level 8. HP: 12/64 MP: 7/7
  4942 | D:5      | HP: 2/64 [wight (11)]
  5037 | D:3      | Slain by a wight

Illustrated notes

Levels and vault maps discovered:
D:1:      lemuel_arrival_muddy, layout_loops_ring, serial_shops,
          nicolae_shop_behind_doors, serial_bayou_lake_a
D:2:      layout_basic
D:3:      layout_loops_corners, serial_shops, nicolae_shop_trees
D:4:      layout_basic, gammafunk_temple_overflow_elements,
          nicolae_ossuary_entry_plus, minmay_crystal_water,
          guppyfry_early_lair_pool
D:5:      layout_basic

Skill      XL: |  1  2  3  4  5  6  7 |
---------------+----------------------+-----
Shields        | 4 5 6 7 8 |  8.7
Long Blades    | 3 4 5 6 8 |  8.2
Fighting       | |  3.6
Armour         | |  3.6

Action                   |  1- 3 |  4- 6 |  7- 9 || total
-------------------------+-------+-------+-------++-------
Melee: Long sword        |    70 |   134 |   124 ||   328
       Headbutt          |    13 |    28 |    16 ||    57
  Use: Scroll            |       |     6 |     1 ||     7
Armor: Scale mail        |    31 |    40 |    33 ||   104
Dodge: Dodged            |    11 |    27 |    32 ||    70
Block: Kite shield       |    47 |    63 |    74 ||   184
       Rpst.: Long sword |     2 |     8 |    11 ||    21
